Map: Ultralove

Players

MegaStress

  • Race: Terran Terran
  • League: Diamond
  • Spawn Location: 1:00

UwU - Winner!

  • Race: Zerg Zerg
  • League: Master
  • Spawn Location: 7:00

VOD

Have the link to the VOD?

Description

Time

  • Played on: April 26, 2025, 12:15 p.m.
  • Length: 4:22
Show
View Real Time Build Order
Export as new Build Order

MegaStress Terran 

Build Orders: Reaper Expand 

Get SALT Encoding   

  12  0:00  SCV  
  13  0:12  SCV  
  14  0:17  Supply Depot  
  14  0:24  SCV  
  15  0:38  SCV  
  15  0:39  Barracks  
  16  0:43  Refinery  
  16  0:50  SCV  
  17  1:02  SCV  
  18  1:14  SCV  
  19  1:27  Orbital Command  
  19  1:28  Reaper  
  20  1:41  Command Center  
  20  1:52  SCV  
  21  2:02  Barracks Reactor  
  21  2:04  SCV  
  22  2:16  SCV  
  22  2:18  Supply Depot  
  23  2:40  SCV  
  24  2:45  Marine  
  24  2:46  Marine  
  24  2:50  Factory, Refinery  
  26  2:53  SCV  
  26  2:54  Orbital Command  
  27  3:03  Marine x2  
  29  3:09  SCV  
  29  3:30  Marine  
  29  3:31  Marine  
  29  3:33  SCV x2  
  28  3:36  Hellion  
  30  3:46  Bunker, Supply Depot  
  28  3:57  Widow Mine  
  28  4:01  Marine x2  
Show
View Real Time Build Order
Export as new Build Order

UwU Zerg - Winner!

Build Orders: Hatch First 

Get SALT Encoding   

  12  0:00  Drone  
  13  0:13  Overlord  
  13  0:18  Drone  
  14  0:31  Drone x2  
  16  0:36  Drone  
  17  0:51  Hatchery  
  17  0:54  Drone  
  17  0:59  Drone  
  18  1:08  Extractor  
  17  1:13  Spawning Pool  
  17  1:14  Drone  
  17  1:17  Drone  
  18  1:29  Drone  
  19  1:41  Overlord  
  19  2:00  Queen  
  21  2:03  Queen  
  21  2:04  Zergling x4  
  21  2:05  Zergling x2  
  26  2:09  Metabolic Boost  
  26  2:19  Zergling x2  
  26  2:20  Zergling x2  
  28  2:26  Zergling x4  
  30  2:37  Overlord  
  30  2:40  Zergling x2  
  30  2:42  Baneling Nest  
  29  2:45  Zergling x2  
  29  2:50  Zergling x2  
  31  2:54  Zergling x2  
  32  3:01  Zergling x2  
  33  3:08  Zergling x4  
  35  3:14  Zergling x2  
  35  3:15  Zergling x4  
  37  3:27  Zergling x4  
  37  3:29  Zergling x4  
  37  3:30  Zergling x2  
  40  3:35  Baneling x2  
  40  3:36  Baneling x2  
  40  3:37  Baneling x2  
  40  3:41  Zergling x2  
  41  3:47  Zergling x4  
  41  4:01  Zergling x6  
Tags
 
Add a new tag
Caveats
  • Supply blocks, unpowered buildings, or Contaminate may cause inaccurate times.
  • Supply counts are checked every 10 seconds.